 Dungeon Crawl Stone Soup version 0.13.1-28-g3517093 (webtiles) character file.

101 CrazyArbalest the Bolt Thrower (level 3, 27/27 HPs)
             Began as a Demonspawn Hunter on Mar 16, 2014.
             Quit the game on Level 1 of the Dungeon on Mar 17, 2014.
             The game lasted 00:09:11 (1340 turns).

CrazyArbalest the Bolt Thrower (Demonspawn Hunter)  Turns: 1340, Time: 00:09:11

HP  27/27        AC  3     Str 13      XL: 3   Next:  0%
MP   2/2         EV 11     Int 12      God:
Gold 73          SH  0     Dex 13      Spells:  0 memorised,  2 levels left

Res.Fire  : . . .   See Invis. : .   a - +0 short sword
Res.Cold  : . . .   Warding    : .   d - +0 leather armour
Life Prot.: . . .   Conserve   : .   (no shield)
Res.Poison: .       Res.Corr.  : .   (no helmet)
Res.Elec. : .       Clarity    : .   (no cloak)
Sust.Abil.: . .     Spirit.Shd : +   (no gloves)
Res.Mut.  : .       Stasis     : .   (no boots)
Res.Rott. : .       Flight     : .   (no amulet)
Saprovore : . . .                    (no ring)
                                     (no ring)

@: not resistant to hostile enchantments, unstealthy
A: hooves 1, magic shield
a: no special abilities


You were on level 1 of the Dungeon.
You were not hungry.

You visited 1 branch of the dungeon, and saw 1 of its levels.

You collected 53 gold pieces.

Inventory:

Hand weapons
 a - a +0,+0 short sword (weapon)
 b - a +1,+1 crossbow
Missiles
 c - 29 bolts
Armour
 d - a +0 leather armour (worn)
Comestibles
 f - a meat ration
Scrolls
 e - a scroll of enchant weapon II {unknown}
 g - a scroll of recharging {unknown}
 i - a scroll of blinking {unknown}
 k - 2 scrolls of magic mapping {unknown}
 l - a scroll of enchant weapon I {unknown}
 m - a scroll of fog {unknown}
 n - a scroll of remove curse {unknown}
 p - a scroll of curse jewellery {unknown}
Potions
 h - a potion of heal wounds {unknown}
 j - a potion of agility {unknown}
 o - a potion of speed {unknown}
 q - a potion of curing {unknown}


   Skills:
 + Level 1.0 Fighting
 + Level 0.1 Short Blades
 + Level 4.2 Crossbows
 + Level 0.6 Armour
 + Level 2.0 Dodging
 + Level 0.8 Stealth


You had 2 spell levels left.
You didn't know any spells.

Dungeon Overview and Level Annotations

Branches:
Dungeon (1/27)

Altars:


Innate Abilities, Weirdness & Mutations

You have large cloven feet.
When hurt, damage is shared between your health and your magic reserves.


Message History

A hobgoblin comes into view.
The hobgoblin shouts!
You closely miss the hobgoblin. Your kick misses the hobgoblin.
The hobgoblin closely misses you.
You hit the hobgoblin. You kick the hobgoblin.
You kill the hobgoblin!
q - a black potion Done exploring.
A goblin comes into view. It is wielding a club.
The goblin shouts!
You miss the goblin. The goblin closely misses you.
You hit the goblin but do no damage. The goblin misses you.
You barely miss the goblin. You kick the goblin.
You kill the goblin!
You have reached level 3!
Your experience leads to an increase in your attributes!
Increase (S)trength, (I)ntelligence, or (D)exterity?
You feel stronger.
Your demonic ancestry asserts itself...
You feel your magical essence form a protective shroud around your flesh.
Are you sure you want to abandon this character and quit the game? (Confirm with "yes".)

#.# #########.##. #.#
#.......#.... #.# #.......####.
#.# #.......####. #.#
#.......##... #####.#
#.......##.#. #.....#
#.......##.#. #.###.#
#.......##...
#.###@####.##..#.##.##
#.#.).##............#
######.#.#....#.....#....##
#.............##..%##..##.. ###
#.###.........###.###...... ..#
#.###..#.#.###.##.##.###... #.#
#.#.........###.#.#.###....
#.#####.#.#..#.....####.####.....
.......................<........#


There were no monsters in sight!

Vanquished Creatures
  4 goblins (D:1)
  7 hobgoblins (D:1)
  A ball python (D:1)
  2 bats (D:1)
  A giant cockroach (D:1)
  2 giant geckos (D:1)
  5 kobolds (D:1)
  5 rats (D:1)
27 creatures vanquished.

Notes
Turn   | Place    | Note
--------------------------------------------------------------
     0 | D:1      | CrazyArbalest, the Demonspawn Hunter, began the quest for the Orb.
     0 | D:1      | Reached XP level 1. HP: 16/16 MP: 0/0
   146 | D:1      | Reached skill level 4 in Crossbows
   146 | D:1      | Gained mutation: You have large cloven feet. [demonic ancestry]
   146 | D:1      | Reached XP level 2. HP: 22/22 MP: 1/1
  1339 | D:1      | Gained mutation: When hurt, damage is shared between your health and your magic reserves. [demonic ancestry]
  1339 | D:1      | Reached XP level 3. HP: 27/27 MP: 2/2
  1340 | D:1      | Quit the game

Action                   || total
-------------------------++-------
Melee: Short sword       ||    46
 Fire: Crossbow          ||    17
